 Dungeon Crawl Stone Soup version 0.21-a0-529-g8c7b3f5 (webtiles) character file.

187 Gerstahl the Slasher (level 5, 0/43 HPs)
             Began as a Human Monk on Dec 10, 2017.
             Slain by a goblin (4 damage)
             ... led by Robin
             ... on level 3 of the Dungeon.
             The game lasted 00:05:55 (3675 turns).

Gerstahl the Slasher (Human Monk)                   Turns: 3675, Time: 00:05:57

Health: 0/43       AC:  2    Str:  9 (11) XL:     5   Next: 99%
Magic:  5/5        EV: 13    Int: 10 (11) God:
Gold:   139        SH:  0    Dex: 14 (16) Spells: 4/4 levels left

rFire    . . .     SeeInvis .   a - +0 falchion
rCold    . . .     Gourm    .   (no shield)
rNeg     . . .     Faith    .   b - +0 robe
rPois    .         Spirit   .   (no helmet)
rElec    .         Reflect  .   (no cloak)
rCorr    .         Harm     .   (no gloves)
MR       .....                  (no boots)
Stlth    ++........             (no amulet)
HPRegen  0.14/turn              (no ring)
MPRegen  0.09/turn              (no ring)

@: very slightly contaminated, starving
A: no striking features
a: no special abilities


You were on level 3 of the Dungeon.
You were starving.

You visited 1 branch of the dungeon, and saw 3 of its levels.

You collected 139 gold pieces.

Inventory:

Hand Weapons
 a - a +0 falchion (weapon)
Armour
 b - a +0 robe (worn)
Jewellery
 k - a cursed ring of teleportation {unknown}
Scrolls
 h - 2 scrolls of remove curse {unknown}
 i - a scroll of enchant weapon {unknown}
 o - a scroll of fog {unknown}
Comestibles
 c - a bread ration
 n - 4 fruits


   Skills:
 + Level 4.8 Fighting
 + Level 4.8 Long Blades
 - Level 3.0 Dodging
 - Level 2.0 Stealth


You had 4 spell levels left.
You didn't know any spells.

Dungeon Overview and Level Annotations

Branches:
Dungeon (3/15)

Altars:
Fedhas

Annotations:
D:3 Ijyb


Message History

You hit Robin.
You kill Robin!
The giant cockroach bites you.
* * * LOW HITPOINT WARNING * * *
You hit the hobgoblin.
The hobgoblin is almost dead.
The hobgoblin barely misses you.
You riposte.
You completely miss the hobgoblin.
The hobgoblin is almost dead.
The giant cockroach closely misses you.
You riposte.
You hit the giant cockroach.
You kill the giant cockroach!
You aren't carrying any potions.
As you read the scroll labeled YLAMIPN DIWI, it crumbles to dust.
You feel aware of your surroundings.
It was a scroll of magic mapping.
You are starving!
The hobgoblin hits you.
* * * LOW HITPOINT WARNING * * *
The goblin hits you.
You die...

*,r[gh,,,,,*
*,g...,,,,,*
**#..#****** #..#
*..#*####
*#g#....#
##...#*.#######
####s#..##.#...gg#
...hg#.>##.#.###@#
####.#####.#.# #o#
#o# #.#g# #.# #.#
#.#.# #h# #
#s#####.#g# #h# #
#oh..g..g.# #.#
##########.#####.#
........##..g....#
##...##.##########


You could see an orc, 2 jackals, a hobgoblin and a goblin.

Vanquished Creatures
  A howler monkey (D:3)
  An orc priest (D:3)
  Robin (D:3)
  3 adders
  2 dart slugs
  A leopard gecko (D:1)
  5 orcs (D:3)
  6 giant cockroaches
  15 goblins
  7 hobgoblins
  2 jackals (D:3)
  A quokka (D:3)
  2 ball pythons
  9 bats
  4 frilled lizards
  5 kobolds (D:1)
  5 rats
70 creatures vanquished.

Notes
Turn   | Place    | Note
-------+----------+-------------------------------------------
     0 | D:1      | Gerstahl the Human Monk began the quest for the Orb.
     0 | D:1      | Reached XP level 1. HP: 18/18 MP: 1/1
   161 | D:1      | Reached XP level 2. HP: 24/24 MP: 2/2
   562 | D:1      | Reached XP level 3. HP: 23/29 MP: 3/3
  1452 | D:2      | Reached XP level 4. HP: 37/37 MP: 4/4
  2314 | D:3      | Found a blossoming altar of Fedhas.
  2436 | D:3      | Noticed Ijyb
  3093 | D:3      | Reached XP level 5. HP: 23/43 MP: 5/5
  3590 | D:3      | Noticed Robin
  3673 | D:3      | Killed Robin
  3675 | D:3      | Slain by a goblin

Vault maps used:
D:1:      tarquinn_simple_flora_water_e, minivault_27, minmay_misc_feat_tower,
          roderic_lattice_a, st_stairs_2
D:2:      minivault_4
D:3:      lemuel_crystal_altar, uniq_ijyb, uniq_robin, uniq_crazy_yiuf_cottage

Skill      XL: |  1  2  3  4 |
---------------+-------------+-----
Fighting       | 4 |  4.8
Long Blades    | 4 |  4.8
Dodging        | |  3.0
Stealth        | |  2.0

Action                   |  1- 3 |  4- 6 || total
-------------------------+-------+-------++-------
Melee: Falchion          |    79 |   158 ||   237
  Use: Potion            |     1 |     3 ||     4
       Scroll            |       |     4 ||     4
 Stab: Sleeping          |     9 |     2 ||    11
  Eat: Chunk             |     2 |     5 ||     7
Armor: Robe              |     8 |    23 ||    31
Dodge: Dodged            |    60 |   137 ||   197
       Rpst.: Falchion   |    14 |    46 ||    60

Table legend:
 A = Spawn XP
 B = Non-spawn XP
 C = Spawn XP percentage of total XP
 D = Spawn monster count
 E = Non-spawn monster count
 F = Spawn count percentage of total count
 G = Total turns spent on level
                    A         B        C        D         E        F      G
               +---------+---------+-------+---------+---------+-------+---------
         Total |       0 |     268 |   0.0 |       0 |      70 |   0.0 |  3675
               +---------+---------+-------+---------+---------+-------+---------
           D:1 |       0 |      42 |   0.0 |       0 |      25 |   0.0 |  1130
           D:2 |       0 |      33 |   0.0 |       0 |      13 |   0.0 |   846
           D:3 |       0 |     193 |   0.0 |       0 |      32 |   0.0 |  1699
               +---------+---------+-------+---------+---------+-------+---------
